 Dungeon Crawl Stone Soup version 0.31-a0-963-ga325b2283a (console) character file.

Game seed: 3515412506402546707

373 atomjack the Conjurer (level 6, 43/43 HPs)
             Began as a Demonspawn Conjurer on Oct 25, 2023.
             Quit the game on level 4 of the Dungeon.
             The game lasted 00:07:04 (3520 turns).

atomjack the Conjurer (Demonspawn Conjurer)         Turns: 3520, Time: 00:07:05

Health: 43/43      AC:  6    Str: 13    XL:     6   Next: 43%
Magic:  8/11       EV: 11    Int: 21    God:
Gold:   207        SH:  5    Dex: 12    Spells: 9/12 levels left

rFire   + . .        i - +0 lajatang
rCold   . . .        (shield currently unavailable)
rNeg    . . .        d - +1 leather armour {rF+}
rPois   .            (no helmet)
rElec   .            (no cloak)
rCorr   .            (no gloves)
SInv    .            (no boots)
Will    .....        o - amulet of reflection
Stlth   ++           s - +6 ring of strength
HPRegen 0.27/turn    (no ring)
MPRegen 0.12/turn

%: reflection
@: no status effects
A: slimy green scales 1, foul stench 1, spiny 1
a: no special abilities


You were on level 4 of the Dungeon.
You visited 1 branch of the dungeon, and saw 4 of its levels.

You collected 207 gold pieces.

Inventory:

Hand Weapons
 a - a +0 short sword
 f - a +0 club
 i - a +0 lajatang (weapon)
Armour
 d - a +1 leather armour of fire resistance (worn)
 g - a +0 robe
Jewellery
 c - an amulet of guardian spirit
 o - an amulet of reflection (around neck)
 s - a +6 ring of strength (left hand)
Scrolls
 j - a scroll of enchant armour
 k - a scroll of acquirement {unknown}
 m - a scroll of amnesia
 p - a scroll of teleportation
 q - 2 scrolls of poison
 t - a scroll of revelation
Potions
 b - a potion of magic
 e - a potion of berserk rage {unknown}
 h - 4 potions of curing {unknown}
 l - a potion of lignification {unknown}
 n - 2 potions of enlightenment {unknown}
 r - a potion of resistance {unknown}


   Skills:
 + Level 1.1 Fighting
 + Level 2.4 Staves
 - Level 1.0 Armour
 - Level 2.0 Dodging
 - Level 1.7 Stealth
 - Level 0.4 Unarmed Combat
 + Level 3.8 Spellcasting
 + Level 5.5 Conjurations


You had 9 spell levels left.
You knew the following spells:

 Your Spells              Type           Power      Damage    Failure   Level
a - Magic Dart            Conj           100%       1d8       1%          1
b - Searing Ray           Conj           54%        2d6       2%          2

Your spell library contained the following spells:

 Spells                   Type           Power      Damage    Failure   Level
 Dazzling Flash           Conj/Hex       30%        N/A       16%         3
 Fulminant Prism          Conj/Hex       7%         3d7       45%         4
 Iskenderun's Mystic Bla  Conj/Tloc      15%        2d5       45%         4


Dungeon Overview and Level Annotations

Branches:
Dungeon (4/15)
 Temple: D:4-7

Altars:


Innate Abilities, Weirdness & Mutations

You are partially covered in slimy green scales. (AC +2)
You may rarely emit foul miasma when damaged in melee.
You are partially covered in sharp spines.


Message History

Aim: a howler monkey (almost dead, 77% to hit)
The searing ray hits the howler monkey!
You kill the howler monkey! (Press . to maintain the ray.)
You have reached level 6!
Your demonic ancestry asserts itself...
Sharp spines emerge from parts of your body.
Unknown command.
The magic dart hits the hobgoblin.
The hobgoblin is moderately wounded.
The magic dart hits the hobgoblin.
You kill the hobgoblin!
You can't see any susceptible monsters within range! (Use Z to cast anyway.)
A giant cockroach comes into view.
A giant cockroach is nearby!
The magic dart hits the giant cockroach.
The giant cockroach is heavily wounded.
The magic dart hits the giant cockroach.
You kill the giant cockroach!
You can't see any susceptible monsters within range! (Use Z to cast anyway.)
t - a scroll of revelation A bullfrog comes into view.
The magic dart hits the bullfrog!
The bullfrog is moderately wounded.
The bullfrog croaks.
The magic dart hits the bullfrog.
The bullfrog is moderately wounded.
The magic dart hits the bullfrog.
The bullfrog is heavily wounded.
The magic dart hits the bullfrog.
The bullfrog is almost dead.
The magic dart hits the bullfrog.
You kill the bullfrog!
A ball python comes into view.
A ball python is nearby!
The magic dart hits the ball python.
You kill the ball python!
You can't see any susceptible monsters within range! (Use Z to cast anyway.) Unknown command.
Are you sure you want to abandon this character and quit the game? (Confirm with "yes".)

######## ####......##
...........##
............##########
##..........##.......#
##.........##.......#
#.........##.......#
#.........##..@....#
#........####..###....
#....<....#....# .
##......†..#.##.#
#............##.#
#...........###..
##..........# ..##
#........#.##..#
#........#.....#
#...#.##....##.##
#.#...##.....†... .


There were no monsters in sight!

Vanquished Creatures
  2 bullfrogs
  The ghost of tish the Covered, a weakling GnWn (D:3)
  A howler monkey (D:4)
  An orc priest (D:3)
  5 adders
  A worm (D:3)
  5 dart slugs
  4 orcs
  5 ball pythons
  3 endoplasms
  4 giant cockroaches
  6 goblins
  5 hobgoblins
  7 jackals
  6 kobolds
  2 quokkas
  5 bats
  2 frilled lizards (D:1)
  7 rats
72 creatures vanquished.

Notes
Turn   | Place    | Note
-------+----------+-------------------------------------------
     0 | D:1      | atomjack the Demonspawn Conjurer began the quest for the
                  | Orb.
     0 | D:1      | Reached XP level 1. HP: 13/13 MP: 3/3
   295 | D:1      | You fall into a shaft and drop 1 floor!
   342 | D:2      | Gained mutation: You may rarely emit foul miasma when
                  | damaged in melee. [demonic ancestry]
   342 | D:2      | Reached XP level 2. HP: 13/19 MP: 0/5
   467 | D:2      | Learned a level 2 spell: Searing Ray
   920 | D:1      | Gained mutation: You are partially covered in slimy green
                  | scales. (AC +2) [demonic ancestry]
   920 | D:1      | Reached XP level 3. HP: 24/24 MP: 3/6
  1626 | D:2      | Reached skill level 1 in Armour
  2034 | D:3      | Reached XP level 4. HP: 30/30 MP: 3/7
  2439 | D:3      | Reached skill level 1 in Staves
  2852 | D:3      | Found a runed translucent door.
  2861 | D:3      | Reached skill level 5 in Conjurations
  2861 | D:3      | Reached XP level 5. HP: 36/36 MP: 2/9
  2924 | D:3      | Noticed tish's ghost (weakling GnWn)
  3177 | D:3      | Killed tish's ghost
  3178 | D:3      | Reached skill level 1 in Fighting
  3360 | D:4      | Gained mutation: You are partially covered in sharp spines.
                  | [demonic ancestry]
  3360 | D:4      | Reached XP level 6. HP: 43/43 MP: 3/11
  3520 | D:4      | Quit the game

Illustrated notes

Levels and vault maps discovered:
D:1:      minmay_arrival_hallway, layout_basic, minivault_19, corner_web_ring
D:2:      layout_loops_ring
D:3:      layout_rooms, ebering_ghost_sewer_d
D:4:      layout_rooms, mainiacjoe_overflow_brackets, cheibriados_altar_1,
          serial_shops, shop, shop, nicolae_shop_crystal,
          minmay_hollow_rounded_squares

Skill      XL: |  1  2  3  4  5 |
---------------+----------------+-----
Armour         | 1 |  1.0
Dodging        | 2 |  2.0
Staves         | 1 2 |  2.4
Spellcasting   | 3 |  3.8
Conjurations   | 5 |  5.5
Fighting       | 1 |  1.1
Stealth        | |  1.7
Unarmed Combat | |  0.4

Action                     |  1- 3 |  4- 6 || total
---------------------------+-------+-------++-------
  Melee: Unarmed           |    57 |       ||    57
         Punch             |     2 |       ||     2
         Short sword       |     3 |       ||     3
         Lajatang          |    15 |    20 ||    35
   Cast: Magic Dart        |    74 |    55 ||   129
         Searing Ray       |       |     6 ||     6
    Use: Scroll            |       |     9 ||     9
 Armour: Leather armour    |    46 |    28 ||    74
         Robe              |     9 |       ||     9
  Dodge: Dodged            |    72 |    38 ||   110
  Block: Other             |     5 |    13 ||    18
         Reflection        |     1 |     2 ||     3

Table legend: (Time is in decaauts)
 A = Elapsed time spent in this place.
 B = Non-inter-level travel time spent in this place.
 C = Inter-level travel time spent in this place.
 D = Time resting spent in this place.
 E = Time spent auto-exploring this place.
 F = Levels seen in this place.
 G = Mean time per level.
                   A        B        C        D        E       F      G
               +--------+--------+--------+--------+--------+-----+--------+
         Total |   3535 |   3417 |    118 |    208 |   2686 |   4 |  883.8 |
       Dungeon |   3535 |   3417 |    118 |    208 |   2686 |   4 |  883.8 |
               +--------+--------+--------+--------+--------+-----+--------+

Top non-repeatable levels by time:
     D:3: 1224 daAuts
     D:1: 1070 daAuts
     D:2: 1009 daAuts
     D:4: 231 daAuts
